 Dungeon Sprint DCSS version 0.17-a0-1184-gb75be8f (webtiles) character file.

560 Kidiri the Protected (level 7, -7/51 HPs)
             Began as a Gargoyle Fighter on June 1, 2015.
             Was an Initiate of Okawaru.
             Engulfed by a cloud of flame (22 damage)
             ... in the Dungeon (Sprint III: "The Ten Rune Challenge").
             The game lasted 00:06:13 (941 turns).

Kidiri the Protected (Gargoyle Fighter)              Turns: 941, Time: 00:06:13

Health: -7/51      AC: 15    Str: 22    XL:     7   Next: 31%
Magic:  7/7        EV:  8    Int:  8    God:    Okawaru [......]
Gold:   21         SH: 11    Dex:  9    Spells: 0 memorised, 6 levels left

rFire  . . .     SeeInvis .     a - +0 flail
rCold  . . .     Clarity  +     b - +0 scale mail
rNeg   + . .     SustAt   .     c - +0 shield
rPois  ∞         Gourm    .     (no helmet)
rElec  +         Spirit   .     (no cloak)
rCorr  .         Warding  .     (no gloves)
rMut   .         NoTele   +     (no boots)
MR     +....                    (no amulet)
Stlth  ..........               (no ring)
                                n - ring of poison resistance

@: somewhat resistant to hostile enchantments, extremely unstealthy
A: big wings, talons 1, slimy green scales 1, blurry vision 1, clarity, magic
resistance 1, negative energy resistance 1, electricity resistance, unbreathing,
petrification resistance, rot immunity, AC +4
a: Fly, Renounce Religion


You were in the Dungeon.
You worshipped Okawaru.
Okawaru was noncommittal.
You were not hungry.

You visited 1 branch You collected 21 gold pieces.

Inventory:

Hand weapons
 a - a +0 flail (weapon)
Armour
 b - a +0 scale mail (worn)
 c - a +0 shield (worn)
Jewellery
 n - a ring of poison resistance (left hand)
Scrolls
 k - a scroll of blinking
 o - a scroll of torment {unknown}
 p - 2 scrolls of identify
 q - 3 scrolls of remove curse
 s - a scroll of immolation {unknown}
 t - a scroll of magic mapping {unknown}
Potions
 d - a potion of might
 g - a potion of cancellation {unknown}
 i - 2 potions of magic
 l - 2 potions of ambrosia {unknown}
 r - 2 potions of flight
 v - a potion of cure mutation {unknown}
Books
 j - a book of the Sky

   Spells                             Type                      Level
   a - Summon Lightning Spire         Summoning/Air                4
   b - Airstrike                      Air                          4
   c - Silence                        Hexes/Air                    5
   d - Deflect Missiles               Charms/Air                   6
   e - Conjure Ball Lightning         Conjuration/Air              6
   f - Tornado                        Air                          9
Comestibles
 e - 2 bread rations


   Skills:
 + Level 9.0 Fighting
 + Level 7.9 Maces & Flails
 + Level 9.1 Armour
 + Level 9.0 Shields


You had 6 spell levels left.
You didn't know any spells.

Dungeon Overview and Level Annotations

Branches:
Dungeon (1/1)

Altars:
Cheibriados
Fedhas
Kikubaaqudgha
Okawaru
Sif Muna
Trog
Vehumet
Yredelemnul


Innate Abilities, Weirdness & Mutations

You are resistant to torment.
Your stone body is resilient (AC +4).
You are immune to poison.
You resist negative energy.
You are resistant to electric shocks.
You can survive without breathing.
You are immune to petrification.
You are immune to rotting.
Your large and strong wings let you fly indefinitely.
You have sharp toenails.
You are partially covered in slimy green scales (AC +2).
Scrolls take you a little longer to read.
You possess an exceptional clarity of mind.
You are resistant to hostile enchantments.


Message History

You claw the necrophage, but do no damage.
The necrophage is severely damaged.
You block the necrophage's attack.
You barely miss the necrophage.
The necrophage is severely damaged.
You block the necrophage's attack.
You thump the necrophage!
The necrophage is almost destroyed.
You block the necrophage's attack.
You thump the necrophage!
The necrophage explodes!
The fiery explosion engulfs you!
Ouch! That really hurt!
* * * LOW HITPOINT WARNING * * *
Okawaru accepts your kill.
Your Fighting skill increases to level 9!
Your Armour skill increases to level 9!
Your Shields skill increases to level 9!
You are engulfed in roaring flames.
You die...

▓▓▓ # ##.# ########
#####..# #__[#__#
.#..#..# #...#§§
.#..#..###+#'###§##
.##'#..#.......§@§#
.###...).⌠........#
####...#...######+#
###....#.⌠.#
##.....#...#
#......#)###
.#.....#...#
###....#___#
▓▓▓▓▓▓▓▓▓▓


There were no monsters in sight!

Vanquished Creatures
  A necrophage (D)
  A water elemental (D)
  Jessica (D)
  A necromancer (D)
  A wizard (D)
  A wolf (D)
  3 humans (D)
  A kobold demonologist (D)
  2 oozes (D)
  A rat (D)
13 creatures vanquished.

Vanquished Creatures (others)
  2 draconian scorchers (D)
  2 fire drakes (D)
  2 yaktaurs (D)
  5 plants (D)
11 creatures vanquished.

Grand Total: 24 creatures vanquished

Notes
Turn   | Place    | Note
--------------------------------------------------------------
     0 | D        | Kidiri the Gargoyle Fighter began the quest for the Orb.
     0 | D        | Reached XP level 1. HP: 14/14 MP: 1/1
    39 | D        | Killed a yaktaur
    55 | D        | Reached skill level 4 in Fighting
    55 | D        | Reached XP level 2. HP: 20/20 MP: 2/2
    68 | D        | Noticed Jessica
    89 | D        | Killed Jessica
    89 | D        | Reached XP level 3. HP: 24/24 MP: 3/3
   141 | D        | Reached skill level 5 in Fighting
   141 | D        | Reached skill level 5 in Armour
   141 | D        | Reached skill level 5 in Shields
   251 | D        | Killed a fire drake
   274 | D        | Killed a white draconian scorcher
   279 | D        | Killed a white draconian scorcher
   314 | D        | Noticed a wolf
   320 | D        | Killed a wolf
   320 | D        | Reached XP level 4. HP: 31/31 MP: 4/4
   341 | D        | Gained mutation: You possess an exceptional clarity of mind. [potion of mutation]
   341 | D        | Gained mutation: You are partially covered in slimy green scales (AC +2). [potion of mutation]
   341 | D        | Gained mutation: Scrolls take you a little longer to read. [potion of mutation]
   342 | D        | Gained mutation: You have sharp toenails. [potion of mutation]
   342 | D        | Gained mutation: You are resistant to hostile enchantments. [potion of mutation]
   342 | D        | Gained mutation: Your large and strong wings let you fly indefinitely. [potion of mutation]
   348 | D        | Noticed a water elemental
   355 | D        | Killed a water elemental
   355 | D        | Reached skill level 6 in Fighting
   355 | D        | Reached skill level 5 in Maces & Flails
   355 | D        | Reached XP level 5. HP: 29/36 MP: 5/5
   430 | D        | Killed a fire drake
   477 | D        | Found a radiant altar of Vehumet.
   477 | D        | Found a deep blue altar of Sif Muna.
   477 | D        | Found an ancient bone altar of Kikubaaqudgha.
   477 | D        | Noticed a wizard
   481 | D        | Killed a wizard
   482 | D        | Noticed a hellwing
   488 | D        | Noticed an orange demon
   498 | D        | Killed a yaktaur
   537 | D        | Found an iron altar of Okawaru.
   537 | D        | Found a bloodstained altar of Trog.
   537 | D        | Noticed a human
   539 | D        | Noticed a human
   558 | D        | Killed a human
   558 | D        | Reached skill level 7 in Fighting
   558 | D        | Reached XP level 6. HP: 2/44 MP: 6/6
   561 | D        | Killed a human
   561 | D        | Reached skill level 8 in Fighting
   561 | D        | Reached XP level 7. HP: 2/50 MP: 7/7
   912 | D        | Became a worshipper of Warmaster Okawaru
   920 | D        | Found a basalt altar of Yredelemnul.
   920 | D        | Found a snail-covered altar of Cheibriados.
   920 | D        | Found a blossoming altar of Fedhas.
   920 | D        | Noticed a necrophage
   920 | D        | Noticed a necromancer
   932 | D        | Killed a necromancer
   941 | D        | Killed a necrophage
   941 | D        | Reached skill level 9 in Fighting
   941 | D        | Engulfed by a cloud of flame

Vault maps used:
D:        dungeon_sprint_mu

Action                   |  1- 3 |  4- 6 |  7- 9 || total
-------------------------+-------+-------+-------++-------
Melee: Flail             |    43 |    32 |    21 ||    96
  Use: Potion            |     1 |     7 |       ||     8
  Eat: Fruit             |       |       |     4 ||     4
